 Dungeon Crawl Stone Soup version 0.30-a0-305-g026cb31310 (webtiles) character file.

Game seed: 6559713506583605011

679 MrRokkomies the Sneak (level 7, 0/64 HPs)
             Began as an Armataur Brigand on Oct 21, 2022.
             Was a Believer of Uskayaw.
             Slain by Menkaure (14 damage)
             ... on level 4 of the Dungeon.
             The game lasted 00:08:25 (2637 turns).

MrRokkomies the Sneak (Armataur Brigand)            Turns: 2637, Time: 00:08:26

Health: 0/64       AC:  9    Str: 16    XL:     7   Next: 34%
Magic:  7/7        EV:  9    Int: 12    God:    Uskayaw [**....]
Gold:   151        SH:  0    Dex: 13    Spells: 6/6 levels left

rFire   + + .      SeeInvis .    j - +2 dagger (holy)
rCold   . . .      Faith    .    (no shield)
rNeg    . . .      Spirit   .    h - +1 ring mail "Sar Falurch" {rF++}
rPois   .          Reflect  .    k - +0 helmet
rElec   .          Harm     .    c - +1 cloak
rCorr   .          Roll     +    (no gloves)
Will    .....                    (no barding)
Stlth   ++........               (no amulet)
HPRegen 0.30/turn                (no ring)
MPRegen 0.10/turn                (no ring)

@: no status effects
A: large, rugged brown scales 3, deformed body, armoured tail, roll, long
tongue, awkward tongue
a: Renounce Religion, Stomp, Line Pass


You were on level 4 of the Dungeon.
You worshipped Uskayaw.
Uskayaw was noncommittal.
You visited 1 branch of the dungeon, and saw 4 of its levels.

You collected 151 gold pieces.

Inventory:

Hand Weapons
 a - a +2 dagger
 j - a +2 dagger of holy wrath (weapon)
Missiles
 d - 9 poisoned darts (quivered)
 e - 6 curare-tipped darts
 g - 2 javelins
Armour
 b - a +0 robe
 c - a +1 cloak (worn)
 h - the +1 ring mail "Sar Falurch" (worn) {rF++}
   (You found it on level 2 of the Dungeon)

   rF:        It greatly protects you from fire.
 k - a +0 helmet (worn)
Jewellery
 n - a ring of magical power
Scrolls
 f - a scroll of fear
 i - a scroll of fog
 q - a scroll of identify
Potions
 l - a potion of heal wounds
 m - 2 potions of mutation
 p - a potion of cancellation


   Skills:
 * Level 4.4 Fighting
 * Level 4.4 Short Blades
 + Level 3.4 Throwing
 + Level 2.2 Dodging
 - Level 5.0 Stealth


You had 6 spell levels left.
You didn't know any spells.
Your spell library contained the following spells:

 Spells                   Type           Power      Damage    Failure   Level
 Gell's Gravitas          Tloc           0%         N/A       88%         3
 Lesser Beckoning         Tloc           0%         N/A       88%         3
 Teleport Other           Tloc           0%         N/A       88%         3


Dungeon Overview and Level Annotations

Branches:
Dungeon (4/15)
 Temple: D:4-7

Altars:
Makhleb
Uskayaw
Vehumet

Annotations:
D:4 Menkaure


Innate Abilities, Weirdness & Mutations

You are completely covered in rugged brown scales. (AC +3, +7% HP)
Armour fits poorly on your strangely shaped body.
You have a long armoured tail.
You roll when moving toward enemies. (Rampage)
Your long tongue fully drains potion bottles. (2x potion effects)
Your tongue gives you trouble enunciating. (1.5x scroll delay)


Message History

The black bear barely misses you.
The black bear claws you but does no damage. x2
The black bear bites you! The black bear claws you.
* * * LOW HITPOINT WARNING * * *
The black bear claws you but does no damage.
Throw: 2 javelins
Press: ? - help, Shift-Dir - straight line, f - black bear
Aim: a black bear (almost dead, berserk, 68% to hit)
You throw a javelin.
The javelin pierces through the black bear!
You kill the black bear!
Found 7 stones.
g - 2 javelins (gained 1)
l - a potion of heal wounds You open the door.
Menkaure, Prince of Dust comes into view.
You roll towards Menkaure!
You roll towards Menkaure!
Menkaure shouts!
Menkaure calls on the powers of darkness!
Your body is wracked with pain!
You barely miss Menkaure. You barely miss Menkaure.
Your tail-slap misses Menkaure.
Menkaure hits you but does no damage.
You hit Menkaure.
Menkaure convulses.
Menkaure is moderately damaged.
You hit Menkaure.
Menkaure convulses.
Menkaure is severely damaged.
Menkaure hits you!
You can now pass through a line of other dancers.
You hit Menkaure.
Menkaure convulses.
Menkaure is severely damaged.
You hit Menkaure but do no damage.
Menkaure is severely damaged.
Menkaure hits you!
* * * LOW HITPOINT WARNING * * *
You hit Menkaure.
Menkaure convulses.
Menkaure is severely damaged.
Menkaure hits you!
You die...

# #. #.##.###
#.#. ..# ... #(#
#####.##.#
#......#.#######
#.#...........#
#.......#####.#
#.......'..@M.#
#.......#######
#.......#
####.#..#
#.#..######
#.#........
#.#.##########.#
#.#............#
#.......########


You could see Menkaure.

Vanquished Creatures
  Grinder (D:4)
  Sigmund (D:3)
  A black bear (D:4)
  An ogre (D:3)
  An iguana (D:3)
  Robin (D:3)
  2 adders (D:2)
  2 worms (D:2)
  3 dart slugs
  5 orcs
  6 bats
  9 endoplasms
  A giant cockroach (D:3)
  11 goblins
  7 hobgoblins
  3 jackals (D:1)
  2 quokkas
  4 ball pythons
  5 frilled lizards
  4 kobolds
  11 rats
81 creatures vanquished.

Notes
Turn   | Place    | Note
-------+----------+-------------------------------------------
     0 | D:1      | MrRokkomies the Armataur Brigand began the quest for the
                  | Orb.
     0 | D:1      | Reached XP level 1. HP: 18/18 MP: 1/1
    99 | D:1      | Reached XP level 2. HP: 17/25 MP: 2/2
   366 | D:1      | Reached XP level 3. HP: 32/32 MP: 3/3
   427 | D:1      | Reached skill level 1 in Dodging
  1053 | D:2      | Reached XP level 4. HP: 39/39 MP: 4/4
  1285 | D:2      | Identified the +1 ring mail "Sar Falurch" {rF++}
  1489 | D:3      | Noticed Robin
  1496 | D:3      | Killed Robin
  1755 | D:3      | Reached XP level 5. HP: 45/47 MP: 5/5
  1876 | D:3      | Found a hide-covered altar of Uskayaw.
  1880 | D:3      | Became a worshipper of Uskayaw the Reveller
  1884 | D:3      | Found a burning altar of Makhleb.
  1888 | D:3      | Found a radiant altar of Vehumet.
  1966 | D:3      | Noticed Sigmund
  1970 | D:3      | Reached * piety under Uskayaw
  1973 | D:3      | Killed Sigmund
  1974 | D:3      | Reached skill level 5 in Stealth
  1974 | D:3      | Reached XP level 6. HP: 47/54 MP: 6/6
  2297 | D:4      | Noticed Grinder
  2306 | D:4      | Reached ** piety under Uskayaw
  2310 | D:4      | Reached *** piety under Uskayaw
  2311 | D:4      | Killed Grinder
  2312 | D:4      | Reached XP level 7. HP: 34/63 MP: 7/7
  2628 | D:4      | Noticed Menkaure
  2637 | D:4      | Slain by Menkaure

Illustrated notes

Levels and vault maps discovered:
D:1:      onia_arrival_pyramid, layout_loops_ring,
          nicolae_concentric_dashed_squares_wild
D:2:      layout_rooms
D:3:      layout_loops_cross, grunt_temple_overflow_diamond, uniq_sigmund,
          uniq_robin
D:4:      layout_basic, nzn_hepliaklqana_mist_gate,
          mainiacjoe_overflow_small_starburst, grunt_decor_mini_mirrors,
          uniq_grinder, uniq_natasha, uniq_menkaure

Skill      XL: |  1  2  3  4  5  6 |
---------------+-------------------+-----
Short Blades   | 2 3 4 |  4.4
Fighting       | 2 3 4 |  4.4
Throwing       | 2 3 |  3.4
Dodging        | 1 2 |  2.2
Stealth        | 5 |  5.0

Action                   |  1- 3 |  4- 6 |  7- 9 || total
-------------------------+-------+-------+-------++-------
Melee: Dagger            |   110 |   128 |    24 ||   262
       Tailslap          |     9 |    22 |     2 ||    33
       Punch             |       |     1 |       ||     1
Throw: Dart              |     6 |     8 |       ||    14
       Javelin           |       |     2 |     1 ||     3
  Use: Scroll            |     7 |     4 |       ||    11
       Potion            |     1 |       |       ||     1
 Stab: Sleeping          |    13 |     4 |       ||    17
       Paralysed         |       |     1 |       ||     1
Armor: Robe              |    30 |     2 |       ||    32
       Ring mail         |       |    39 |     8 ||    47
Dodge: Dodged            |    42 |    42 |    11 ||    95

Table legend: (Time is in decaauts)
 A = Elapsed time spent in this place.
 B = Non-inter-level travel time spent in this place.
 C = Inter-level travel time spent in this place.
 D = Time resting spent in this place.
 E = Time spent auto-exploring this place.
 F = Levels seen in this place.
 G = Mean time per level.
                   A        B        C        D        E       F      G
               +--------+--------+--------+--------+--------+-----+--------+
         Total |   2605 |   2527 |     78 |    116 |   1828 |   4 |  651.2 |
       Dungeon |   2605 |   2527 |     78 |    116 |   1828 |   4 |  651.2 |
               +--------+--------+--------+--------+--------+-----+--------+

Top non-repeatable levels by time:
     D:3: 937 daAuts
     D:1: 766 daAuts
     D:2: 540 daAuts
     D:4: 360 daAuts
